 Dungeon Crawl Stone Soup version 0.26.1-11-gd32895ea62 (webtiles) character file.

Game seed: 10613660538921979874

291 Bergy the Cudgeller (level 6, -12/37 HPs)
             Began as a Gargoyle Fighter on July 13, 2021.
             Mangled by an ogre
             ... wielding a +0 giant club
              (18 damage)
             ... on level 5 of the Dungeon.
             The game lasted 00:10:00 (2953 turns).

Bergy the Cudgeller (Gargoyle Fighter)              Turns: 2953, Time: 00:10:01

Health: -12/37     AC: 14    Str: 20    XL:     6   Next: 32%
Magic:  6/6        EV:  5    Int: 15    God:
Gold:   204        SH:  9    Dex: 10    Spells: 5/5 levels left

rFire    . . .     SeeInvis .   a - +0 flail
rCold    . . .     Faith    .   c - +0 kite shield
rNeg     + . .     Spirit   .   q - +1 chain mail {rPois}
rPois    ∞         Reflect  .   (no helmet)
rElec    +         Harm     .   (no cloak)
rCorr    .         Rampage  .   (no gloves)
Will     .....                  (no boots)
Stlth    ..........             (no amulet)
HPRegen  0.12/turn              p - +6 ring of intelligence
MPRegen  0.10/turn              (no ring)

@: no status effects
A: negative energy resistance 1, electricity resistance, unbreathing,
petrification resistance, miasma immunity, AC +4
a: no special abilities


You were on level 5 of the Dungeon.
You visited 1 branch of the dungeon, and saw 5 of its levels.

You collected 204 gold pieces.

Inventory:

Hand Weapons
 a - a +0 flail (weapon)
 f - a +1 hunting sling of freezing
Armour
 c - a +0 kite shield (worn)
 q - a +1 chain mail of poison resistance (worn)
Jewellery
 p - a +6 ring of intelligence (left hand)
Scrolls
 b - a scroll of fog {unknown}
 g - 2 scrolls of magic mapping
 h - a scroll of identify
 k - 2 scrolls of amnesia {unknown}
 n - a scroll of enchant armour {unknown}
 o - 2 scrolls of teleportation {unknown}
Potions
 d - 3 potions of might
 e - 2 potions of curing {unknown}
 i - 2 potions of heal wounds
 j - 2 potions of resistance {unknown}
 l - 2 potions of flight {unknown}
 m - a potion of attraction {unknown}


   Skills:
 - Level 3.2 Fighting
 * Level 6.5 Maces & Flails
 - Level 3.2 Armour
 - Level 3.2 Shields


You had 5 spell levels left.
You didn't know any spells.
Your spell library was empty.

Dungeon Overview and Level Annotations

Branches:
Dungeon (5/15)             Temple (0/1) D:4

Altars:
Dithmenos
Xom


Innate Abilities, Weirdness & Mutations

You are resistant to torment.
Your stone body is resilient. (AC +4)
You are immune to poison.
You resist negative energy. (rN+)
You are resistant to electric shocks. (rElec)
You can survive without breathing.
You are immune to petrification.
You are immune to miasma.


Message History

There is a stone staircase leading up here.
Things that are here:
a +0 dagger; a +0 robe You start resting.
An ogre opens the door.
It is wielding a +0 giant club.
The ogre shouts!
An ogre is nearby!
You completely miss the ogre. The ogre hits you with a +0 giant club!
* * * LOW HITPOINT WARNING * * *
You barely miss the ogre. The ogre hits you with a +0 giant club.
* * * LOW HITPOINT WARNING * * *
You hit the ogre.
The ogre is moderately wounded.
You block the ogre's attack.
You hit the ogre.
The ogre is moderately wounded.
You barely miss the ogre.
The ogre is moderately wounded.
The ogre hits you with a +0 giant club!!
You die...

.# .# .#
######.#
#......#
#.....#
####.....#
#..'<....#
#.##...O@#
#.....#
###....$..
#######.


You could see an ogre.

Vanquished Creatures
  An orc priest (D:4)
  2 orc wizards
  Jessica (D:2)
  8 adders
  An ufetubus (D:3)
  An ooze (D:2)
  2 worms
  3 dart slugs
  A leopard gecko (D:3)
  4 orcs (D:3)
  3 giant cockroaches
  4 goblins
  7 hobgoblins
  2 jackals (D:3)
  8 kobolds
  2 quokkas
  A ball python (D:1)
  12 bats
  4 frilled lizards
  7 rats
74 creatures vanquished.

Vanquished Creatures (others)
  An orc wizard (D:3)
1 creature vanquished.

Grand Total: 75 creatures vanquished

Notes
Turn   | Place    | Note
-------+----------+-------------------------------------------
     0 | D:1      | Bergy the Gargoyle Fighter began the quest for the Orb.
     0 | D:1      | Reached XP level 1. HP: 14/14 MP: 1/1
   129 | D:1      | Reached XP level 2. HP: 17/19 MP: 2/2
   416 | D:1      | Reached skill level 3 in Maces & Flails
   747 | D:2      | Reached XP level 3. HP: 23/23 MP: 3/3
   760 | D:2      | Noticed Jessica
  1102 | D:2      | Killed Jessica
  1103 | D:2      | Reached skill level 4 in Maces & Flails
  1103 | D:2      | Reached XP level 4. HP: 25/28 MP: 4/4
  1750 | D:2      | Found a shadowy altar of Dithmenos.
  1813 | D:3      | Reached skill level 5 in Maces & Flails
  1813 | D:3      | Reached XP level 5. HP: 24/32 MP: 5/5
  2146 | D:3      | Found a shimmering altar of Xom.
  2427 | D:3      | Reached skill level 6 in Maces & Flails
  2520 | D:3      | Reached XP level 6. HP: 37/37 MP: 6/6
  2872 | D:4      | Found a staircase to the Ecumenical Temple.
  2888 | D:5      | Entered Level 5 of the Dungeon
  2953 | D:5      | Mangled by an ogre

Illustrated notes

Levels and vault maps discovered:
D:1:      sevenhm_arrival_forest_fort_small_4, layout_basic,
          minmay_tiny_reverse_x
D:2:      layout_rooms, lemuel_coloured_pillars_altar, supply_closet_lemuel,
          uniq_jessica
D:3:      layout_loops_cross, chequers_serial_rivers_micro_c, xom_teletrap_fun
D:4:      layout_basic, nemelex_altar_shiori, lemuel_round_altar,
          minmay_temple_entry_proselytizer, gammafunk_ghost_necromancy,
          serial_shops, shop
D:5:      layout_basic, kennysheep_slug_shrine, nicolae_overflow_crystal_walls,
          grunt_temple_overflow_open, minmay_shop_damaged, serial_bayou_crossing

Skill      XL: |  1  2  3  4  5 |
---------------+----------------+-----
Maces & Flails | 3 4 5 6 |  6.5
Fighting       | |  3.2
Armour         | |  3.2
Shields        | |  3.2

Action                   |  1- 3 |  4- 6 || total
-------------------------+-------+-------++-------
Melee: Flail             |   122 |   257 ||   379
  Use: Scroll            |       |     3 ||     3
Armor: Scale mail        |    68 |   110 ||   178
       Chain mail        |       |    32 ||    32
Dodge: Dodged            |    42 |    84 ||   126
Block: Kite shield       |    78 |   132 ||   210
